 Dungeon Crawl Stone Soup version 0.24-a0-487-g57318f2ed0 (webtiles) character file.

Game seed: 16650468724093253424

61 Mithandil the Conjurer (level 3, -4/19 HPs)
             Began as a Deep Elf Conjurer on July 9, 2019.
             Killed by divine providence
             ... invoked by an orc priest
              (11 damage)
             ... on level 3 of the Dungeon on July 10, 2019.
             The game lasted 00:18:11 (1906 turns).

Mithandil the Conjurer (Deep Elf Conjurer)          Turns: 1906, Time: 00:18:12

Health: -4/19      AC:  3    Str:  6    XL:     3   Next: 83%
Magic:  0/10       EV: 12    Int: 19    God:
Gold:   89         SH:  0    Dex: 15    Spells: 6/9 levels left

rFire    . . .     SeeInvis .   a - +0 dagger
rCold    . . .     Gourm    .   (no shield)
rNeg     . . .     Faith    .   l - +0 leather armour
rPois    .         Spirit   .   (no helmet)
rElec    .         Reflect  .   (no cloak)
rCorr    .         Harm     .   (no gloves)
MR       .....                  (no boots)
Stlth    ++........             (no amulet)
HPRegen  0.06/turn              (no ring)
MPRegen  0.12/turn              (no ring)

@: no status effects
A: no striking features
a: no special abilities


You were on level 3 of the Dungeon.
You were hungry.

You visited 1 branch of the dungeon, and saw 3 of its levels.

You collected 89 gold pieces.

Inventory:

Hand Weapons
 a - a +0 dagger (weapon)
 b - a +0 short sword
Missiles
 f - 92 stones (quivered)
 p - 15 arrows
Armour
 h - a +0 ring mail
 k - a +0 shield
 l - a +0 leather armour (worn)
 m - a +0 robe
 s - a cursed +0 robe
Scrolls
 i - 3 scrolls of teleportation
 j - 2 scrolls of amnesia
 n - a scroll of fear {unknown}
 r - a scroll of remove curse {unknown}
Potions
 d - 3 potions of agility
 g - 2 potions of curing
 o - a potion of might {unknown}
 q - a potion of ambrosia {unknown}
Comestibles
 c - 3 rations


   Skills:
 + Level 3.0 Dodging
 + Level 3.1 Stealth
 * Level 1.3 Shields
 + Level 3.7 Spellcasting
 + Level 4.7 Conjurations


You had 6 spell levels left.
You knew the following spells:

 Your Spells              Type           Power        Failure   Level  Hunger
a - Magic Dart            Conj           ###.         3%          1    None
b - Searing Ray           Conj           ###...       4%          2    ##.....

Your spell library contained the following spells:

 Spells                   Type           Power        Failure   Level  Hunger
 Dazzling Spray           Conj/Hex       ##....       26%         3    ###....
 Iskenderun's Mystic Bla  Conj           ###.....     30%         4    ####...
 Force Lance              Conj/Tloc      ##......     63%         4    ####...
 Fulminant Prism          Conj/Hex       ##........   63%         4    ####...


Dungeon Overview and Level Annotations

Branches:
Dungeon (3/15)

Altars:
Dithmenos
Gozag

Annotations:
D:3 Terence


Message History

You don't have enough magic to cast that spell.
Unknown command.
The orc priest hits you but does no damage.
You hit the orc priest.
The orc priest is severely wounded.
The orc priest closely misses you.
You closely miss the orc priest.
The orc priest is severely wounded.
The orc priest mumbles some strange prayers to Beogh against you.
Beogh smites you!
Ouch! That really hurt!
You hit the orc priest.
The orc priest is almost dead.
The orc priest barely misses you.
You hit the orc priest.
The orc priest is almost dead.
The orc priest mumbles some strange prayers to Beogh against you.
Beogh smites you!
Ouch! That really hurt!
You die...

... ....
########.o.
#.......#
#....<#
..#########
.))...
...###..######.#
......o@........
#######.######.#
#.## #..# #@#.#
## #####.####
#.#.# #.
#........# #.#.#
#. #........#
#.#.# #.
#........# #.#.#
#. ######..##
#.#.# #.


You could see an orc priest.

Vanquished Creatures
  An adder (D:2)
  3 worms
  A dart slug (D:1)
  A leopard gecko (D:1)
  4 orcs (D:3)
  A ball python (D:2)
  4 goblins (D:1)
  3 hobgoblins
  3 jackals (D:2)
  3 kobolds
  4 bats
  3 frilled lizards
  8 rats
39 creatures vanquished.

Notes
Turn   | Place    | Note
-------+----------+-------------------------------------------
     0 | D:1      | Mithandil the Deep Elf Conjurer began the quest for the
                  | Orb.
     0 | D:1      | Reached XP level 1. HP: 10/10 MP: 6/6
   180 | D:1      | Upgraded the game from 0.24-a0-484-g962a3eeff7 to
                  | 0.24-a0-487-g57318f2ed0
   375 | D:1      | Reached XP level 2. HP: 15/15 MP: 5/8
   379 | D:1      | Learned a level 2 spell: Searing Ray
   902 | D:2      | Found a shadowy altar of Dithmenos.
  1024 | D:2      | Noticed a scorpion
  1031 | D:2      | Reached XP level 3. HP: 10/19 MP: 1/10
  1200 | D:2      | Reached skill level 1 in Shields
  1597 | D:2      | Found an opulent altar of Gozag.
  1791 | D:3      | Noticed Terence
  1906 | D:3      | Killed from afar by an orc priest

Levels and vault maps discovered:
D:1:      minmay_arrival_three_doors, layout_basic, minivault_4,
          dk_noncrumbling_4, grunt_decor_arrowhead,
          chequers_serial_rivers_micro_a
D:2:      layout_loops_ring, lemuel_crystal_altar, lemuel_altar_in_water
D:3:      layout_basic, uniq_terence

Skill      XL: |  1  2  3 |
---------------+----------+-----
Shields        | 1 |  1.3
Stealth        | 3 |  3.1
Dodging        | 3 |  3.0
Spellcasting   | |  3.7
Conjurations   | |  4.7

Action                   || total
-------------------------++-------
Melee: Dagger            ||     4
 Cast: Magic Dart        ||    90
  Use: Scroll            ||     7
       Potion            ||     1
  Eat: Chunk             ||     2
Armor: Robe              ||     1
       Leather armour    ||     5
Dodge: Dodged            ||    12

Table legend:
 A = Non-vault XP
 B = Vault XP
 C = Vault XP percentage of total XP
 D = Non-vault monster count
 E = Vault monster count
 F = Vault count percentage of total count
                 A         B        C        D         E       F
            +---------+---------+-------+---------+---------+-------
      Total |      88 |       0 |   0.0 |      39 |       0 |   0.0
            +---------+---------+-------+---------+---------+-------
        D:1 |      28 |       0 |   0.0 |      17 |       0 |   0.0
        D:2 |      42 |       0 |   0.0 |      16 |       0 |   0.0
        D:3 |      18 |       0 |   0.0 |       6 |       0 |   0.0
            +---------+---------+-------+---------+---------+-------
